 Dungeon Crawl Stone Soup version 0.31-a0-182-gc5ef74bbde (webtiles) character file.

Game seed: 8070561299261122778

1677 qw the Cleaver (level 9, -15/54 HPs)
             Began as a Gargoyle Fighter on June 20, 2023.
             Demolished by an ogre
             ... wielding a +0 giant club
              (24 damage)
             ... on level 5 of the Dungeon.
             The game lasted 00:02:38 (5081 turns).

qw the Cleaver (Gargoyle Fighter)                   Turns: 5081, Time: 00:02:38

Health: -15/54     AC: 12    Str: 29    XL:     9   Next: 1%
Magic:  9/9        EV:  8    Int:  7    God:
Gold:   270        SH:  9    Dex:  8    Spells: 8/8 levels left

rFire   + . .        Y - +2 war axe
rCold   . . .        f - +0 kite shield
rNeg    + . .        e - +0 chain mail
rPois   inf          (no helmet)
rElec   +            b - scarf {repulsion}
rCorr   .            (no gloves)
SInv    .            h - +0 pair of boots
Will    ++...        (no amulet) Stlth
                     c - ring of willpower
HPRegen 0.29/turn    m - ring of willpower
MPRegen 0.11/turn

%: repel missiles
@: about to teleport
A: sickness immunity, AC +6, negative energy resistance 1, electricity
resistance, torment resistance 1, petrification resistance, deformed body, fire
resistance 1, strong 1, wild magic 1
a: no special abilities


You were on level 5 of the Dungeon.
You visited 1 branch of the dungeon, and saw 5 of its levels.

You collected 270 gold pieces.


Innate Abilities, Weirdness & Mutations

You are immune to sickness and miasma.
Your stone body is resilient. (AC +6)
You are immune to poison.
You resist negative energy. (rN+)
You are resistant to electric shocks. (rElec)
You are resistant to unholy torment.
You are immune to petrification.
Armour fits poorly on your strangely shaped body.
Your flesh is heat resistant. (rF+)
Your muscles are strong. (Str +4, Int/Dex -1)
Your spells are a little harder to cast, but a little more powerful.


   Skills:
 + Level 5.0 Fighting
 - Level 8.1 Axes
 - Level 1.0 Throwing
 - Level 3.2 Armour
 - Level 1.1 Dodging
 - Level 7.0 Shields


You had 8 spell levels left.
You didn't know any spells.
Your spell library was empty.

Inventory:

Hand Weapons
 o - a +1 flail of protection
 Y - a +2 war axe (weapon)
Armour
 b - a scarf of repulsion (worn)
 e - a +0 chain mail (worn)
 f - a +0 kite shield (worn)
 h - a +0 pair of boots (worn)
 l - a +0 cloak
Jewellery
 c - a ring of willpower (left hand)
 m - a ring of willpower (right hand)
Scrolls
 a - 10 scrolls of identify
 i - a scroll of teleportation
 j - a scroll of brand weapon {unknown}
 k - 2 scrolls of silence {unknown}
Potions
 d - a potion of might
 g - a potion of curing {unknown}

Dungeon Overview and Level Annotations

Branches:
Dungeon (5/15)
 Temple: D:4-7

Altars:
Elyvilon
Fedhas
Vehumet
Xom


Message History

The scorpion is severely wounded.
You slash the bush! The scorpion barely misses you.
You closely miss the scorpion.
The scorpion is severely wounded.
You hit the bush. The scorpion closely misses you.
You hit the scorpion.
The scorpion is severely wounded.
You completely miss the bush. You block the scorpion's attack.
The scorpion barely misses you.
You slash the scorpion!
You kill the scorpion!
You hit the bush.
Your Axes skill increases to level 8!
You have reached level 9!
Your experience leads to an increase in your attributes!
Your base attributes are Str 23, Int 8, Dex 9.
Increase (S)trength, (I)ntelligence, or (D)exterity?
You feel stronger. x2
You see here a scorpion corpse.
An ogre comes into view. It is wielding a +0 giant club.
Enter note:
Enter note:
Enter note: You slash the ogre!
The ogre is heavily wounded.
The ogre hits you with a +0 giant club!
You hit the ogre.
The ogre is severely wounded.
The ogre hits you with a +0 giant club!
You barely miss the ogre.
The ogre is severely wounded.
The ogre hits you with a +0 giant club!!
5080 ||| READING 2 scrolls of teleportation.
As you read the scroll of teleportation, it crumbles to dust.
You feel strangely unstable.
You closely miss the ogre.
The ogre is severely wounded.
The ogre hits you with a +0 giant club!!
You die...

###...........#
#...........#
#...........#
#...........#
##..........#
#....++#.#.#
#....#.###.###
###########.............
......O@.....##..###.###
#.#############......###
................#
##########....###.#
#.......##........#
#.#####.##........# #.#
#.##........# #.#
#.#.........# #.#
#.###.......#


You could see an ogre.

Vanquished Creatures
  Grinder (D:3)
  Sigmund (D:3)
  Duvessa (D:4)
  2 black bears (D:5)
  A centaur (D:4)
  A gnoll sergeant (D:4)
  4 scorpions
  Dowan (D:4)
  2 vampire bats (D:3)
  2 hounds (D:3)
  4 iguanas
  A sleepcap (D:3)
  Natasha (twice) (D:3)
  5 gnolls (D:4)
  12 adders
  2 ufetubi (D:5)
  3 worms
  2 dart slugs
  7 orcs
  9 ball pythons
  15 endoplasms
  3 giant cockroaches
  11 hobgoblins
  6 jackals
  9 kobolds
  4 quokkas
  11 bats
  2 frilled lizards
  5 goblins
  10 rats
139 creatures vanquished.

Vanquished Creatures (collateral kills)
  Natasha (D:3)
1 creature vanquished.

Grand Total: 140 creatures vanquished

Notes
Turn   | Place    | Note
-------+----------+-------------------------------------------
     0 | D:1      | qw the Gargoyle Fighter began the quest for the Orb.
     0 | D:1      | Reached XP level 1. HP: 14/14 MP: 1/1
     0 | D:1      | 0 ||| qw: Version: 0.3-a-9-g12657ce
     0 | D:1      | 0 ||| qw: Game counter: 1489
     0 | D:1      | 0 ||| qw: Always use a shield: true
     0 | D:1      | 0 ||| qw: God list: Okawaru
     0 | D:1      | 0 ||| qw: Allow faded altars: false
     0 | D:1      | 0 ||| qw: Do Orc after D:15 true
     0 | D:1      | 0 ||| qw: Do second Lair branch before Depths: true
     0 | D:1      | 0 ||| qw: Lair rune preference: random
     0 | D:1      | 0 ||| qw: Plans: Normal, Zot:1-4, Slime:5, God:TSO, Crypt,
                  | Tomb, Abyss, Pan, Hells, Win
     0 | D:1      | 0 ||| PLANNING D:1-11
    88 | D:1      | Reached skill level 2 in Axes
   162 | D:1      | 162 ||| Stepping ~*~*~tactically~*~*~ (stealth).
   194 | D:1      | 194 ||| Stepping ~*~*~tactically~*~*~ (stealth).
   195 | D:1      | 195 ||| Stepping ~*~*~tactically~*~*~ (stealth).
   196 | D:1      | 196 ||| Stepping ~*~*~tactically~*~*~ (stealth).
   200 | D:1      | Reached XP level 2. HP: 19/19 MP: 2/2
   545 | D:1      | 545 ||| Stepping ~*~*~tactically~*~*~ (stealth).
   600 | D:1      | 600 ||| FLEEEEING.
   607 | D:1      | 607 ||| Stepping ~*~*~tactically~*~*~ (stealth).
   615 | D:1      | Reached skill level 3 in Axes
   717 | D:1      | Reached XP level 3. HP: 22/23 MP: 3/3
   986 | D:1      | 986 ||| UPGRADING to +0 kite shield.
   996 | D:1      | 996 ||| DROPPING +0 buckler.
   997 | D:1      | 997 ||| READING 4 scrolls labelled SEDOOS BICAUS.
   998 | D:1      | 998 ||| READING scroll labelled LICUFE BOLEM.
   999 | D:1      | 999 ||| READING 2 scrolls labelled NIAW SUJEDIMY.
  1003 | D:1      | 1003 ||| READING scroll labelled MACESOEJOR.
  1224 | D:2      | Reached XP level 4. HP: 28/28 MP: 4/4
  1259 | D:2      | 1259 ||| Stepping ~*~*~tactically~*~*~ (stealth).
  1503 | D:2      | 1503 ||| Stepping ~*~*~tactically~*~*~ (stealth).
  1908 | D:2      | 1908 ||| UPGRADING to +0 chain mail.
  1918 | D:2      | 1918 ||| DROPPING +0 scale mail.
  1919 | D:2      | 1919 ||| UPGRADING to +0 pair of boots.
  1924 | D:2      | 1924 ||| DROPPING +0 leather armour of fire resistance.
  1925 | D:2      | 1925 ||| UPGRADING to ring of willpower.
  1926 | D:2      | 1926 ||| READING 6 scrolls of identify.
  1926 | D:2      | 1926 ||| IDENTIFYING glowing ruby potion
  1927 | D:2      | 1927 ||| DROPPING potion of brilliance.
  1992 | D:3      | Reached skill level 1 in Throwing
  1998 | D:3      | Reached skill level 4 in Axes
  1998 | D:3      | Reached XP level 5. HP: 32/32 MP: 5/5
  2080 | D:3      | Identified the +0 falchion "Transmigrator" {heavy, rF+
                  | Str+4 Int+2 Dex+4}
  2092 | D:3      | Noticed Grinder
  2095 | D:3      | 2095 ||| Stepping ~*~*~tactically~*~*~ (hiding).
  2096 | D:3      | 2096 ||| Stepping ~*~*~tactically~*~*~ (hiding).
  2103 | D:3      | Paralysed by Grinder for 4 turns
  2110 | D:3      | Paralysed by Grinder for 2 turns
  2114 | D:3      | Killed Grinder
  2115 | D:3      | Reached skill level 6 in Shields
  2115 | D:3      | Reached XP level 6. HP: 27/37 MP: 6/6
  2180 | D:3      | Found a blossoming altar of Fedhas.
  2181 | D:3      | Noticed Natasha
  2195 | D:3      | Killed Natasha
  2308 | D:3      | 2308 ||| Stepping ~*~*~tactically~*~*~ (stealth).
  2579 | D:3      | Noticed Sigmund
  2597 | D:3      | Killed Sigmund
  2598 | D:3      | Reached skill level 5 in Axes
  2598 | D:3      | Reached XP level 7. HP: 32/41 MP: 7/7
  2893 | D:3      | Noticed Natasha
  2911 | D:3      | Killed Natasha
  2932 | D:3      | 2932 ||| DROPPING +0 flail.
  2937 | D:3      | Found a shimmering altar of Xom.
  2980 | D:3      | 2980 ||| UPGRADING to +0 cloak.
  2985 | D:3      | 2985 ||| UPGRADING to ring of willpower.
  2986 | D:3      | 2986 ||| READING scroll labelled PUTOSA TIAP.
  2987 | D:3      | 2987 ||| DRINKING 2 inky potions.
  2987 | D:3      | Noticed Natasha
  2991 | D:3      | Killed Natasha
  2995 | D:3      | 2995 ||| DRINKING 2 yellow potions.
  2995 | D:3      | Gained mutation: You are frail. (-10% HP) [potion of
                  | mutation]
  2995 | D:3      | Gained mutation: Potions are less effective at restoring
                  | your health. [potion of mutation]
  2995 | D:3      | Gained mutation: You possess an exceptional clarity of
                  | mind. [potion of mutation]
  2996 | D:3      | 2996 ||| DRINKING potion of mutation.
  2996 | D:3      | Lost mutation: Potions are less effective at restoring your
                  | health. [potion of mutation]
  2996 | D:3      | Lost mutation: You possess an exceptional clarity of mind.
                  | [potion of mutation]
  2996 | D:3      | Lost mutation: You are frail. (-10% HP) [potion of
                  | mutation]
  2996 | D:3      | Gained mutation: Your spells are a little harder to cast,
                  | but a little more powerful. [potion of mutation]
  2996 | D:3      | Gained mutation: Armour fits poorly on your strangely
                  | shaped body. [potion of mutation]
  2996 | D:3      | Gained mutation: Your muscles are strong. (Str +4, Int/Dex
                  | -1) [potion of mutation]
  2996 | D:3      | Gained mutation: Your flesh is heat resistant. (rF+)
                  | [potion of mutation]
  3012 | D:3      | 3012 ||| DRINKING 2 brown potions.
  3013 | D:3      | 3013 ||| DROPPING potion of degeneration.
  3030 | D:4      | Reached skill level 6 in Axes
  3031 | D:4      | 3031 ||| STAIRDANCE
  3035 | D:3      | Reached XP level 8. HP: 44/48 MP: 8/8
  3075 | D:4      | Noticed Dowan
  3076 | D:4      | 3076 ||| Stepping ~*~*~tactically~*~*~ (hiding).
  3077 | D:4      | 3077 ||| Stepping ~*~*~tactically~*~*~ (hiding).
  3083 | D:4      | Killed Dowan
  3131 | D:4      | Noticed Duvessa
  3132 | D:4      | 3132 ||| Stepping ~*~*~tactically~*~*~ (stealth).
  3143 | D:4      | HP: 11/48 [Duvessa/+0 rapier (7)]
  3144 | D:4      | 3144 ||| READING 5 scrolls of teleportation.
  3144 | D:4      | HP: 1/48 [Duvessa/+0 rapier (10)]
  3145 | D:4      | 3145 ||| DRINKING potion of heal wounds.
  3297 | D:4      | HP: 12/48 [Duvessa/+0 rapier (2)]
  3298 | D:4      | 3298 ||| READING 4 scrolls of teleportation.
  3300 | D:4      | HP: 4/48 [Duvessa/+0 rapier (9)]
  3311 | D:4      | 3311 ||| READING 3 scrolls of teleportation.
  3313 | D:4      | Killed Duvessa
  3524 | D:4      | 3524 ||| READING scroll of enchant weapon.
  3524 | D:4      | 3524 ||| ENCHANTING +1 war axe.
  3576 | D:4      | Reached skill level 1 in Dodging
  3671 | D:4      | 3671 ||| Stepping ~*~*~tactically~*~*~ (hiding).
  3806 | D:4      | Reached skill level 7 in Axes
  3871 | D:4      | 3871 ||| Stepping ~*~*~tactically~*~*~ (stealth).
  3908 | D:4      | Found a radiant altar of Vehumet.
  3936 | D:4      | 3936 ||| Stepping ~*~*~tactically~*~*~ (hiding).
  4032 | D:4      | 4032 ||| Stepping ~*~*~tactically~*~*~ (hiding).
  4064 | D:4      | HP: 8/49 [gnoll/+0 vampiric halberd[a gnoll sergeant] (8)]
  4065 | D:4      | 4065 ||| READING 2 scrolls of teleportation.
  4066 | D:4      | 4066 ||| DRINKING potion of heal wounds.
  4165 | D:4      | 4165 ||| Stepping ~*~*~tactically~*~*~ (stealth).
  4531 | D:4      | 4531 ||| Stepping ~*~*~tactically~*~*~ (stealth).
  4560 | D:4      | 4560 ||| UPGRADING to scarf of repulsion.
  4570 | D:4      | 4570 ||| DROPPING scarf of harm.
  4625 | D:5      | Entered Level 5 of the Dungeon
  5027 | D:5      | Found a white marble altar of Elyvilon.
  5039 | D:5      | Reached skill level 8 in Axes
  5039 | D:5      | Reached XP level 9. HP: 54/54 MP: 9/9
  5079 | D:5      | HP: 8/54 [ogre/+0 giant club (21)]
  5080 | D:5      | 5080 ||| READING 2 scrolls of teleportation.
  5081 | D:5      | Demolished by an ogre

Levels and vault maps discovered:
D:1:      nagdon_arrival_zigzag_paths, layout_basic, serial_corexii_hall,
          corexii_hall_statues_i, corexii_hall_statues_s
D:2:      layout_basic
D:3:      layout_basic, mainiacjoe_overflow_24_doors, mainiacjoe_overflow_paths,
          minmay_misc_feat_enclosed, roderic_batcave, minmay_divided_ellipse,
          uniq_grinder, uniq_natasha, uniq_sigmund
D:4:      layout_basic, vehumet_altar_wand_db, uniq_duvessa
D:5:      layout_basic, nicolae_elyvilon_peaceful_grove,
          hangedman_minor_gate_pass, uniq_menkaure

Skill      XL: |  1  2  3  4  5  6  7  8 |
---------------+-------------------------+-----
Axes           | 2 3 4 5 6 8 |  8.1
Shields        | 4 6 7 |  7.0
Throwing       | 1 |  1.0
Fighting       | 4 5 |  5.0
Dodging        | 1 |  1.1
Armour         | |  3.2

Action                     |  1- 3 |  4- 6 |  7- 9 || total
---------------------------+-------+-------+-------++-------
  Melee: War axe           |    80 |    94 |   226 ||   400
  Throw: Javelin           |     3 |    23 |       ||    26
    Use: Scroll            |     4 |     1 |     7 ||    12
         Potion            |       |       |     6 ||     6
 Armour: Scale mail        |    33 |    10 |       ||    43
         Chain mail        |       |    34 |   125 ||   159
  Dodge: Dodged            |    32 |    25 |    88 ||   145
  Block: Buckler           |     8 |       |       ||     8
         Kite shield       |    17 |    30 |   137 ||   184

Table legend:
 A = Non-vault XP
 B = Vault XP
 C = Vault XP percentage of total XP
 D = Non-vault monster count
 E = Vault monster count
 F = Vault count percentage of total count
                 A         B        C        D         E       F
            +---------+---------+-------+---------+---------+-------
      Total |    1300 |    1097 |  45.8 |     107 |      33 |  23.6
            +---------+---------+-------+---------+---------+-------
        D:1 |      40 |       0 |   0.0 |      23 |       0 |   0.0
        D:2 |      99 |       0 |   0.0 |      26 |       0 |   0.0
        D:3 |     258 |     730 |  73.9 |      22 |      26 |  54.2
        D:4 |     562 |     216 |  27.8 |      31 |       3 |   8.8
        D:5 |     341 |     151 |  30.7 |       5 |       4 |  44.4
            +---------+---------+-------+---------+---------+-------
